 Dungeon Crawl Stone Soup version 0.26-a0-1021-gda264ca44c (webtiles) character file.

Game seed: 7302916124104687133

111 lunkers the Chiller (level 4, -5/30 HPs)
             Began as a Vampire Ice Elementalist on Dec 9, 2020.
             Killed from afar by Sigmund (9 damage)
             ... with a puff of flame
             ... on level 3 of the Dungeon.
             The game lasted 00:03:45 (1837 turns).

lunkers the Chiller (Vampire Ice Elementalist)      Turns: 1837, Time: 00:03:45

Health: -5/30      AC:  4    Str:  7    XL:     4   Next: 62%
Magic:  5/8        EV: 12    Int: 24    God:
Gold:   137        SH:  0    Dex: 14    Spells: 5/9 levels left

rFire    . . .     SeeInvis +   (no weapon)
rCold    . . .     Faith    .   (no shield)
rNeg     . . .     Spirit   .   a - +0 robe
rPois    .         Reflect  .   (no helmet)
rElec    .         Harm     .   k - +0 cloak
rCorr    .         Rampage  .   (no gloves)
Will     .....                  i - +0 pair of boots
Stlth    ++........             (no amulet)
HPRegen  0.30/turn              o - +6 ring of intelligence
MPRegen  0.11/turn              (no ring)

@: regenerating quickly
A: fangs 3, see invisible, unbreathing
a: Exsanguinate


You were on level 3 of the Dungeon.
You visited 1 branch of the dungeon, and saw 3 of its levels.

You collected 137 gold pieces.

Inventory:

Armour
 a - a +0 robe (worn)
 i - a +0 pair of boots (worn)
 k - a +0 cloak (worn)
 m - a +0 kite shield
Jewellery
 e - an uncursed amulet of faith
 n - an uncursed ring of fire {unknown}
 o - a +6 ring of intelligence (left hand)
Scrolls
 b - a scroll of magic mapping {unknown}
 c - a scroll of remove curse {unknown}
 d - 2 scrolls of fear {unknown}
 g - a scroll of enchant weapon {unknown}
 q - a scroll of random uselessness {unknown}
 r - a scroll of immolation {unknown}
 s - a scroll of identify
Potions
 f - 4 potions of invisibility
 h - a potion of resistance
 j - 2 potions of berserk rage
 l - a potion of cancellation {unknown}
 p - a potion of might {unknown}


   Skills:
 - Level 2.1 Dodging
 - Level 3.0 Stealth
 + Level 3.0 Spellcasting
 * Level 5.5 Ice Magic


You had 5 spell levels left.
You knew the following spells:

 Your Spells              Type           Power        Failure   Level
a - Freeze                Ice            ####         1%          1
b - Frozen Ramparts       Ice            ####..       3%          3

Your spell library contained the following spells:

 Spells                   Type           Power        Failure   Level
 Ozocubu's Armour         Ice            ####....     3%          3
 Hailstorm                Conj/Ice       ###.....     34%         4
 Summon Ice Beast         Ice/Summ       ###.....     34%         4


Dungeon Overview and Level Annotations

Branches:
Dungeon (3/15)

Altars:

Annotations:
D:2 Natasha
D:3 Sigmund


Innate Abilities, Weirdness & Mutations

Your natural rate of healing is unusually fast.
You have razor-sharp teeth.
You have supernaturally acute eyesight. (SInv)
You can survive without breathing.


Message History

The wall freezes Sigmund.
Sigmund casts a spell at you. You resist with some effort.
The wall freezes Sigmund.
Sigmund screams, "Die, monster!"
Sigmund gestures at you while chanting. The magic dart hits you.
* * * LOW HITPOINT WARNING * * *
The frozen ramparts melt away.
You bump into the rock wall.
Sigmund casts a spell at you. The magic dart hits you!
* * * LOW HITPOINT WARNING * * *
Unknown command.
You're too confused to cast spells.
You're too confused to move!
You feel less confused. Sigmund gestures at you while chanting.
The puff of flame hits you!
You die...

..### #... #. ..# #. #.#
.## #.###.#### .####.
##........ .....#
##........ ###.# #.....<
).# .###. #.#.###.#
#...###.#...@.#######.
#.#...........@..(....
#####...##...############.
.......)......#
.#########....# .# ##.#.#
## #.#.# #.#.# #.#.#


You could see Sigmund.

Vanquished Creatures
  Natasha (D:2)
  2 adders (D:2)
  2 oozes
  3 worms (D:2)
  2 leopard geckos (D:2)
  3 giant cockroaches
  10 goblins
  3 hobgoblins (D:1)
  3 jackals (D:2)
  A ball python (D:2)
  4 bats
  4 frilled lizards
  9 kobolds
  3 rats (D:1)
50 creatures vanquished.

Notes
Turn   | Place    | Note
-------+----------+-------------------------------------------
     0 | D:1      | lunkers the Vampire Ice Elementalist began the quest for
                  | the Orb.
     0 | D:1      | Reached XP level 1. HP: 13/13 MP: 3/3
   170 | D:1      | Reached XP level 2. HP: 14/19 MP: 0/5
   737 | D:1      | Reached XP level 3. HP: 24/24 MP: 3/6
   743 | D:1      | Learned a level 3 spell: Frozen Ramparts
  1208 | D:2      | Reached skill level 5 in Ice Magic
  1324 | D:2      | Reached XP level 4. HP: 6/30 MP: 1/8
  1484 | D:2      | Noticed Natasha
  1491 | D:2      | Killed Natasha
  1586 | D:2      | Noticed Natasha
  1821 | D:3      | Noticed Sigmund
  1837 | D:3      | Killed from afar by Sigmund

Illustrated notes

Levels and vault maps discovered:
D:1:      erik_arrival_orb_chamber, layout_rooms
D:2:      layout_rooms, uniq_natasha
D:3:      minmay_bubble_buster, layout_loops_ring, uniq_sigmund

Skill      XL: |  1  2  3  4 |
---------------+-------------+-----
Ice Magic      | 5 |  5.5
Spellcasting   | 3 |  3.0
Dodging        | |  2.1
Stealth        | |  3.0

Action                   |  1- 3 |  4- 6 || total
-------------------------+-------+-------++-------
Melee: Unarmed           |    10 |       ||    10
       Bite              |     2 |       ||     2
 Cast: Freeze            |    60 |    11 ||    71
       Frozen Ramparts   |     1 |     3 ||     4
  Use: Scroll            |     4 |       ||     4
Armor: Robe              |     3 |     4 ||     7
Dodge: Dodged            |    38 |    10 ||    48

Table legend: (Time is in decaauts)
 A = Elapsed time spent in this place.
 B = Non-inter-level travel time spent in this place.
 C = Inter-level travel time spent in this place.
 D = Time resting spent in this place.
 E = Time spent auto-exploring this place.
 F = Levels seen in this place.
 G = Mean time per level.
                   A        B        C        D        E       F      G
               +--------+--------+--------+--------+--------+-----+--------+
         Total |   1835 |   1753 |     82 |      0 |   1363 |   3 |  611.7 |
       Dungeon |   1835 |   1753 |     82 |      0 |   1363 |   3 |  611.7 |
               +--------+--------+--------+--------+--------+-----+--------+

Top non-repeatable levels by time:
     D:1: 947 daAuts
     D:2: 821 daAuts
     D:3: 66 daAuts
